Selects Luftwaffe Battlegroup
Selects Luftwaffe Pioneer Support
Fallschirmpioneer Squad Paradrop
Construct Infanterie Kompanie
Construct Luftwaffe Kompanie
Selects Stuka Strafing Run
Selects LG40 Recoilless Gun Paradrop
Marder III M Tank Destroyer
Marder III M Tank Destroyer
Selects Infantry Reserves
Luftwaffe Officer Quarters
Construct Panzergrenadier Kompanie
Nebelwerfer 42 Rocket Launcher Team
Selects Fallschirmjäger Squad Paradrop